 Dungeon Crawl Stone Soup version 0.26.1-10-gdfb7c7de75 (webtiles) character file.

Game seed: 1552494438026121654

37 phalm the Insei (level 3, 0/23 HPs)
             Began as an Octopode Transmuter on Apr 2, 2021.
             Slain by a bat (1 damage)
             ... on level 2 of the Dungeon.
             The game lasted 00:02:17 (1691 turns).

phalm the Insei (Octopode Transmuter)               Turns: 1691, Time: 00:02:17

Health: 0/23       AC:  1    Str:  9    XL:     3   Next: 39%
Magic:  6/6        EV: 13    Int: 16    God:
Gold:   40         SH:  0    Dex: 12    Spells: 2/6 levels left

rFire    . . .     SeeInvis .     - Unarmed
rCold    . . .     Faith    .   (no shield)
rNeg     . . .     Spirit   .   (helmet restricted)
rPois    .         Reflect  .   (no amulet)
rElec    .         Harm     .   c - ring of teleportation (curse)
rCorr    .         Rampage  .   g - ring of willpower
Will     +....     Rnd*Tele +   (no ring)
Stlth    ++........             (no ring)
HPRegen  0.07/turn              (no ring)
MPRegen  0.10/turn              (no ring)
                                (no ring)
                                (no ring)

@: no status effects
A: almost no armour, stealthy swim, amphibious, 8 rings, constrict 8, camouflage
1, gelatinous body 1
a: no special abilities


You were on level 2 of the Dungeon.
You visited 1 branch of the dungeon, and saw 2 of its levels.

You collected 40 gold pieces.

Inventory:

Jewellery
 c - a cursed ring of teleportation (left tentacle)
 g - a ring of willpower (right tentacle)
Scrolls
 e - 2 scrolls of teleportation
 i - a scroll of amnesia
Potions
 a - a potion of haste {unknown}
 b - a potion of might {unknown}
 d - 2 potions of curing
 f - a potion of invisibility {unknown}


   Skills:
 + Level 1.6 Fighting
 + Level 2.3 Dodging
 + Level 3.2 Unarmed Combat
 + Level 2.3 Spellcasting
 + Level 2.3 Transmutations
 + Level 0.0 Poison Magic


You had 2 spell levels left.
You knew the following spells:

 Your Spells              Type           Power        Failure   Level
a - Beastly Appendage     Tmut           18%          8%          1
b - Spider Form           Tmut/Pois      2%           36%         3

Your spell library contained the following spells:

 Spells                   Type           Power        Failure   Level
 Wereblood                Tmut           9%           12%         2
 Ice Form                 Ice/Tmut       5%           77%         4
 Blade Hands              Tmut           4%           91%         5


Dungeon Overview and Level Annotations

Branches:
Dungeon (2/15)

Altars:


Innate Abilities, Weirdness & Mutations

You cannot wear most types of armour.
You are very stealthy in the water. (Stealth+)
You are amphibious.
You can wear up to eight rings at the same time.
You can use your tentacles to constrict eight enemies at once.
Your skin changes colour to match your surroundings (Stealth+).
Your rubbery body absorbs attacks. (AC +1, EV +1)


Message History

The ooze is almost dead.
The bat hits you. The bat barely misses you. The ooze closely misses you.
The goblin hits you with a cursed +0 hunting sling.
You are too injured to fight recklessly!
You are too injured to fight recklessly!
You are too injured to fight recklessly!
Unknown command.
The bat completely misses you.
You see here 2 stones.
The bat hits you but does no damage.
The goblin shoots a stone.
The stone closely misses you.
You see here a stone.
The bat hits you but does no damage.
The goblin shoots a stone.
The stone hits you.
* * * LOW HITPOINT WARNING * * *
You see here a stone.
The ooze hits you.
* * * LOW HITPOINT WARNING * * *
The bat hits you.
You die...

# . #..########..
.#......>...
.........#
#.<....<.#
.#.#####..g.....#
.........>.(.......#
......#####(Jb.....#
...... #((.@<...#
.......#
###.########
.......###>(.#
#.........###
#........##
#.......## #.......#
#.......# #.....=.#


You could see an ooze, a goblin and a bat.

Vanquished Creatures
  An ooze (D:2)
  3 dart slugs (D:1)
  2 bats (D:1)
  A giant cockroach (D:2)
  4 goblins
  4 hobgoblins
  2 frilled lizards (D:2)
  7 kobolds
  2 rats
26 creatures vanquished.

Notes
Turn   | Place    | Note
-------+----------+-------------------------------------------
     0 | D:1      | phalm the Octopode Transmuter began the quest for the Orb.
     0 | D:1      | Reached XP level 1. HP: 13/13 MP: 3/3
   123 | D:1      | Reached XP level 2. HP: 18/18 MP: 5/5
   831 | D:1      | Reached XP level 3. HP: 8/23 MP: 6/6
  1587 | D:2      | Learned a level 3 spell: Spider Form
  1690 | D:2      | HP: 1/23 [ooze (2)]
  1691 | D:2      | Slain by a bat

Illustrated notes

Levels and vault maps discovered:
D:1:      saegor_arrival_simple_a, layout_basic, serial_rivers,
          chequers_serial_rivers_small_b, chequers_serial_rivers_micro_c,
          chequers_serial_rivers_micro_a, chequers_serial_rivers_micro_c,
          bh_walls_and_bars
D:2:      layout_rooms, tgw_xom, columned_hall_lemuel,
          minmay_misc_feat_secret_circle

Action                   || total
-------------------------++-------
Melee: Unarmed           ||    56
       Constrict         ||    10
       Tentacles         ||     8
       Kick              ||     1
       Punch             ||     1
 Cast: Beastly Appendage ||     3
  Use: Scroll            ||     3
 Stab: Sleeping          ||     3
Armor: Skin              ||     8
Dodge: Dodged            ||    44
